 Dungeon Crawl Stone Soup version 0.18.1-50-g88ac8fd (console) character file.

2396 Kloppie the Basher (level 9, 0/157 HPs)
             Began as an Ogre Berserker on Sept 16, 2016.
             Was a Priest of Trog.
             Slain by a giant frog (1 damage)
             ... on level 7 of the Dungeon.
             The game lasted 00:11:17 (6999 turns).

Kloppie the Basher (Ogre Berserker)                 Turns: 6999, Time: 00:11:18

Health: 0/157      AC:  3    Str: 29    XL:     9   Next: 46%
Magic:  9/9        EV:  5    Int:  6    God:    Trog [***...]
Gold:   430        SH:  0    Dex: 12    Spells: 0 memorised, 8 levels left

rFire  + . .     SeeInvis +     a - +0 dire flail
rCold  . . .     Gourm    +     d - troll hide
rNeg   . . .     Faith    .     (shield currently unavailable)
rPois  .         Spirit   .     (helmet restricted)
rElec  .         Dismiss  .     (no cloak)
rCorr  .         Reflect  .     (gloves unavailable)
SustAt .         Harm     .     (boots unavailable)
MR     ++...                    s - amulet of the gourmand
Stlth  ..........               w - ring of protection from fire
                                v - ring of see invisible

@: berserking, regenerating, very quick, very resistant to hostile enchantments,
extremely unstealthy
A: unfitting armour, tough skin 1
a: Berserk, Trog's Hand, Burn Spellbooks, Renounce Religion


You were on level 7 of the Dungeon.
You worshipped Trog.
Trog was most pleased with you.
You were very full.

You visited 1 branch of the dungeon, and saw 7 of its levels.

You collected 430 gold pieces.

Inventory:

Hand Weapons
 a - a +0 dire flail (weapon)
 i - a +1 flail
 C - a +0 giant club
Armour
 d - a troll hide (worn)
Jewellery
 s - an amulet of the gourmand (around neck)
 v - a ring of see invisible (left hand)
 w - a ring of protection from fire (right hand)
Wands
 I - a wand of slowing (16/48)
Scrolls
 m - a scroll of immolation
 n - 2 scrolls of blinking
 p - 5 scrolls of remove curse
 y - 2 scrolls of noise
Potions
 b - a potion of berserk rage {unknown}
 e - 2 potions of agility
 f - 3 potions of lignification
 g - a potion of flight
 j - a potion of resistance
 k - a potion of ambrosia
 l - 3 potions of haste
 u - a potion of cure mutation
 z - 7 potions of curing
 A - a potion of cancellation
 E - a potion of might
 F - a potion of heal wounds
Comestibles
 c - 4 bread rations
 h - 2 fruits
 q - 3 meat rations
 G - a beef jerky


   Skills:
 - Level 11.4 Fighting
 + Level 12.0 Maces & Flails
 + Level 3.3 Dodging


You had 8 spell levels left.
You didn't know any spells.

Dungeon Overview and Level Annotations

Branches:
Dungeon (7/15)             Temple (0/1) D:4

Altars:

Shops:
D:6 =

Annotations:
D:7 baghtru's ghost, novice HOBe


Innate Abilities, Weirdness & Mutations

You are too large for most types of armour.
You have tough skin (AC +1).


Message History

The phantom closely misses you. Baghtru's ghost hits you!!
* * * LOW HITPOINT WARNING * * *
x2 You hit baghtru's ghost but do no damage.
Baghtru's ghost is moderately damaged.
The giant frog hits you.
* * * LOW HITPOINT WARNING * * *
The wyvern skeleton bites you.
* * * LOW HITPOINT WARNING * * *
You puncture baghtru's ghost!
Baghtru's ghost is heavily damaged.
The giant frog hits you.
* * * LOW HITPOINT WARNING * * *
The phantom hits you.
* * * LOW HITPOINT WARNING * * *
Baghtru's ghost hits you.
* * * LOW HITPOINT WARNING * * *
x2 The wyvern skeleton bites you!
* * * LOW HITPOINT WARNING * * *
The giant frog hits you.
You die...

... ..## ... #.#
#.#.# ....
........
...$####.#.#.#
.............
.......#.#.#.#.#
................
....J.Z#W#.#.#.#
..#..W@........
#..F#.#.#.#.#
#...........
#####.#.#.#.#
##....... .
..### ## ##


You could see a phantom, a giant frog, a jelly, baghtru's ghost and a wyvern
skeleton.

Vanquished Creatures
  Pikel (D:5)
  The ghost of Enroth the Magician, a novice DECj of Vehumet (D:5)
  Sigmund (D:2)
  Eustachio (D:5)
  An orc warrior (D:6)
  2 slaves (D:5)
  2 ogres
  A phantom (D:6)
  2 giant frogs
  A howler monkey (D:4)
  2 hounds (D:4)
  An orc priest (D:5)
  A giant frog skeleton (D:6)
  5 orc wizards
  3 centaur skeletons
  Jessica (D:2)
  An iguana (D:4)
  Ijyb (D:2)
  7 worker ants
  The ghost of Ginkk the Skirmisher, a weakling DsAK of Lugonu (D:3)
  A hound zombie (D:5)
  2 hound skeletons
  5 gnolls
  11 adders
  An ooze (D:3)
  5 worms
  A dart slug (D:1)
  4 giant geckos
  20 orcs
  3 giant cockroaches
  8 goblins
  10 hobgoblins
  6 jackals
  A quokka (D:3)
  6 bats
  3 giant newts
  A jackal skeleton (D:6)
  7 kobolds
  A quokka skeleton (D:5)
  4 rats
136 creatures vanquished.

Vanquished Creatures (others)
  4 orcs (D:5)
  A jackal (D:5)
5 creatures vanquished.

Grand Total: 141 creatures vanquished

Notes
Turn   | Place    | Note
--------------------------------------------------------------
     0 | D:1      | Kloppie the Ogre Berserker began the quest for the Orb.
     0 | D:1      | Reached XP level 1. HP: 24/24 MP: 1/1
   100 | D:1      | Reached XP level 2. HP: 32/32 MP: 2/2
   912 | D:2      | Reached XP level 3. HP: 37/40 MP: 3/3
   927 | D:2      | Reached skill level 5 in Maces & Flails
   962 | D:2      | Noticed Sigmund
   971 | D:2      | Noticed Jessica
   977 | D:2      | Killed Sigmund
   977 | D:2      | Reached skill level 6 in Maces & Flails
   977 | D:2      | Reached XP level 4. HP: 52/52 MP: 4/4
   977 | D:2      | Reached XP level 5. HP: 59/59 MP: 5/5
   979 | D:2      | Killed Jessica
  1204 | D:2      | Reached XP level 6. HP: 68/68 MP: 6/6
  1238 | D:2      | Reached ** piety under Trog
  1466 | D:2      | Noticed Ijyb
  1478 | D:2      | Killed Ijyb
  1509 | D:2      | Reached skill level 7 in Maces & Flails
  2275 | D:3      | Noticed Ginkk's ghost (weakling DsAK)
  2292 | D:3      | Killed Ginkk's ghost
  2836 | D:4      | Reached XP level 7. HP: 75/78 MP: 7/7
  3151 | D:4      | Reached skill level 8 in Maces & Flails
  3645 | D:4      | Found a staircase to the Ecumenical Temple.
  3948 | D:5      | Entered Level 5 of the Dungeon
  3961 | D:5      | Reached *** piety under Trog
  3962 | D:5      | Noticed Enroth's ghost (novice DECj)
  3975 | D:5      | Killed Enroth's ghost
  3975 | D:5      | Reached skill level 9 in Maces & Flails
  3975 | D:5      | Reached XP level 8. HP: 39/92 MP: 8/8
  4587 | D:5      | Noticed Pikel
  4622 | D:5      | Killed Pikel
  4622 | D:5      | Reached skill level 10 in Fighting
  4622 | D:5      | Reached skill level 10 in Maces & Flails
  5568 | D:5      | Noticed Eustachio
  5579 | D:5      | Killed Eustachio
  5579 | D:5      | Reached skill level 11 in Maces & Flails
  5579 | D:5      | Reached XP level 9. HP: 102/102 MP: 9/9
  6628 | D:6      | Found Unewas's Jewellery Emporium.
  6844 | D:7      | Noticed baghtru's ghost (novice HOBe)
  6848 | D:7      | Reached skill level 12 in Maces & Flails
  6999 | D:7      | HP: 1/157 [wyvern skeleton (9)]
  6999 | D:7      | Slain by a giant frog

Skill      XL: |  1  2  3  4  5  6  7  8  9 |
---------------+----------------------------+-----
Maces & Flails | 6 7 9 11 12 | 12.0
Fighting       | 6 7 9 10 11 | 11.4
Dodging        | 3 |  3.3

Action                   |  1- 3 |  4- 6 |  7- 9 || total
-------------------------+-------+-------+-------++-------
Melee: Mace              |    68 |   147 |   172 ||   387
       Flail             |       |       |   122 ||   122
       Dire flail        |       |       |    28 ||    28
Invok: Berserk           |     1 |     2 |     6 ||     9
       Trog's Hand       |       |     2 |     4 ||     6
  Use: Scroll            |       |       |    20 ||    20
 Stab: Sleeping          |     1 |       |     2 ||     3
  Eat: Chunk             |       |    10 |    33 ||    43
Armor: Animal skin       |    10 |    37 |    37 ||    84
       Troll hide        |       |       |     3 ||     3
Dodge: Dodged            |    30 |    81 |   142 ||   253
